[Event "*** SCC Grand Prix: Titled Tuesday Blitz"]
[Site "Chess.com"]
[Date "2020.08.25"]
[Round "5"]
[White "Xeniya2005"]
[Black "ural58"]
[Result "1/2-1/2"]
[WhiteElo "2356"]
[BlackElo "2492"]
[TimeControl "180+1"]
[EndTime "10:59:27 PDT"]
[Termination "Game drawn by repetition"]

1. e4 d5 2. exd5 Qxd5 3. Nf3 Bg4 4. Be2 Nc6 5. d4 O-O-O 6. Be3 Nh6 7. Nbd2 Nf5 8. h3 Nxe3 9. fxe3 Bf5 10. O-O f6 11. Bc4 Qd7 12. c3 e5 13. e4 Bxh3 14. gxh3 exd4 15.
Qb3 Na5 16. Be6 Nxb3 17. Bxd7+ Rxd7 18. axb3 dxc3 19. bxc3 a6 20. Kf2 Bc5+ 21. Ke2 Rhd8 22. Rad1 Rd3 23. Rc1 Re3+ 24. Kd1 Rxe4 25. Re1 Rf4 26.
Kc2 g5 27. Re4 Rf5 28. Rce1 h5 29. b4 Bd6 30. Nd4 Rf2 31. R1e2 Rxe2 32. Nxe2 f5 33. Re6 g4 34. hxg4 fxg4 35. Rh6 Re8 36. Kd1 Re5 37. Nc4 Rg5 38. Nxd6+ cxd6 39. Ke1 g3 40. Rxd6 h4 41. Rh6 Rg4 42. Kf1 b6 43. Kg2 a5 44. Rxb6 a4 45. Ra6 Re4 46. Ng1 Rc4 47. Rxa4 Rxc3 48. b5 Rc2+ 49. Kf3 Rf2+ 50. Ke3 Rb2 51. Rxh4 Rxb5 52.
Kf3 Rb3+ 53. Kg2 Kd7 54. Nf3 Kc7 55. Kxg3 Ra3 56. Rh6 Kd7 57. Kf4 Ra4+ 58. Kf5 Ra1 59. Ke5 Kc7 60. Nd4 Ra5+ 61. Ke4 Rg5 62. Kd3 Rg3+ 63.
Kc4 Rg1 64. Kd5 Rg5+ 65. Kc4 Rg1 66. Nb5+ Kd7 67. Kd5 Ke7 68. Nd4 Rd1 69. Ra6 Kf7 70.
Ke5 Kg7 71. Nf5+ Kh7 72. Ra7+ Kg6 73. Rg7+ Kh5 74. Kf6 Rg1 75. Rh7+ Kg4 76. Rg7+ Kh5 77. Rh7+ Kg4 78. Rg7+ Kh5 1/2-1/2

[Event "*** SCC Grand Prix: Titled Tuesday Blitz"]
[Site "Chess.com"]
[Date "2020.08.25"]
[Round "5"]
[White "praveenb2002"]
[Black "Oglob71"]
[Result "1/2-1/2"]
[WhiteElo "2753"]
[BlackElo "2553"]
[TimeControl "180+1"]
[EndTime "10:59:32 PDT"]
[Termination "Game drawn - insufficient material"]

1. d4 Nf6 2. c4 e6 3. Nc3 Bb4 4. Qc2 d6 5. a3 Bxc3+ 6. Qxc3 Ne4 7. Qc2 f5 8. e3 O-O 9. Bd3 e5 10. Nf3 Nc6 11. O-O Ng5 12. Nxg5 Qxg5 13. f4 exf4 14.
exf4 Qf6 15. d5 Nd4 16. Qc3 c5 17. dxc6 bxc6 18. c5 dxc5 19. Qxc5 Rd8 20. Bc4+ Be6 21. Be3 Nb3 22. Qxc6 Bxc4 23. Qxc4+ Qf7 24. Qxf7+ Kxf7 25. Rad1 a5 26. Kf2 a4 27. Ke2 Ke6 28. Rxd8 Rxd8 29.
Rd1 Rc8 30. Kd3 Kd5 31. Bg1 g6 32. Re1 Nc1+ 33. Ke3 Nb3 34. Rd1+ Ke6 35. Re1 Kd5 36. Re2 Rc1 37. Bf2 Kc4 38. Bh4 Nd4 39. Rd2 Nc2+ 40. Kf2 Ne1 41. Bf6 Nd3+ 42. Kg3 Rf1 43. Rc2+ Kd5 44. Rd2 Ke4 45. Re2+ Kd5 46. Re8 Nxf4 47. Bh8 g5 48. Re5+ Kd6 49. Rxf5 h6 50. Rf6+ Kd5 51. Rxh6 Ke4 52. Rh7 Rg1 53. Re7+ Kd3 54. Rd7+ Kc2 55. Rc7+ Kb1 56. h4 Rxg2+ 57. Kf3 Rh2 58. Bf6 Nd5 59. Rf7 Nxf6 60. Rxf6 gxh4 61. Ra6 Kxb2 62. Rxa4 Kb3 63. Rb4+ Kxa3 64. Rb8 Rh1 65. Kg4 h3 66.
Kg3 Rg1+ 67. Kxh3 Rc1 68. Kg4 Rc3 69. Kf5 Rb3 70. Re8 Kb2 71. Kg4 Rc3 72. Re2+ Rc2 73.
Re5 Rc4+ 74. Kf5 Rc3 75. Ke6 Rc2 76. Kd5 Kc3 77. Re3+ Kd2 78. Rh3 Kc1 79. Kd4 Kb2 80. Rh5 Rd2+ 81. Ke3 Rd6 82. Re5 Kc2 83. Re4 Rd3+ 84.
Kf4 Rd6 85. Re5 Rd1 86. Kf5 Rd2 87. Ke6 Kd1 88. Rd5 Rxd5 89. Kxd5 1/2-1/2

[Event "*** SCC Grand Prix: Titled Tuesday Blitz"]
[Site "Chess.com"]
[Date "2020.08.25"]
[Round "5"]
[White "GMHess"]
[Black "Artem_Sadovsky"]
[Result "0-1"]
[WhiteElo "2782"]
[BlackElo "2570"]
[TimeControl "180+1"]
[EndTime "10:59:35 PDT"]
[Termination "Artem_Sadovsky won by checkmate"]

1. e4 c6 2. Nc3 d5 3. Nf3 Bg4 4.
h3 Bxf3 5. Qxf3 e6 6. d3 Nd7 7. g3 g6 8. h4 h5 9. Bh3 Bg7 10. O-O Ne7 11. exd5 cxd5 12. Nb5 Ne5 13. Qe2 a6 14.
Bf4 N7c6 15. d4 axb5 16. dxe5 Qc7 17. Qxb5 Ra5 18. Qe2 Bxe5 19. Bd2 Ra4 20. c3 O-O 21. a3 Re8 22. Rae1 Qb6 23. Be3 Qa6 24. Qc2 d4 25.
cxd4 Nxd4 26. Qd1 Bg7 27. b3 Rxa3 28. Bxd4 Rd8 29. Re4 f5 30. Rf4 e5 31. Bxe5 Rxd1 32.
Rxd1 Bxe5 33. Rc4 b5 34. Rd8+ Kf7 35. Rcc8 Ra1+ 36. Kh2 Bd6 37. Bg2 Rd1 38. Rc6 Qxc6 39. Bxc6 Bxg3+ 40. Kxg3 Rxd8 41. Bxb5 Kf6 42. Bc4 Ke5 43. Kf3 Rd4 44. Kg3 Rg4+ 45. Kh3 Rg1 46. Bf7 Kf4 47. b4 Rb1 48. Bxg6 Rb3+ 49. Kg2 Kg4 50.
f3+ Kxh4 51. Bxf5 Rxb4 52. Kf2 Kg5 53. Bd7 Kf4 54. Kg2 Rd4 55. Bc8 Rd1 56. Kh2 Kxf3 57.
Bb7+ Kf4 58. Bc8 Kg5 59. Kg2 Rd8 60. Be6 Rd6 61. Bc8 Rb6 62. Bd7 Rb4 63. Bc8 Rd4 64. Be6 Rd2+ 65. Kh3 Rb2 66. Bd7 Rb6 67. Bc8 Rd6 68.
Kg3 Rd3+ 69. Kh2 Rc3 70. Bd7 Kf4 71. Kg2 Rg3+ 72. Kh2 h4 73. Bc8 Rc3 74. Bd7 Rc2+ 75. Kh3 Kg5 76. Be6 Re2 77. Bd7 Re3+ 78. Kh2 Re7 79. Bc8 Rc7 80. Be6 Rc6 81. Bd7 Rc2+ 82.
Kh3 Rc7 83. Be6 Re7 84. Bc8 Re3+ 85. Kh2 Rc3 86. Bd7 h3 87. Bxh3 Kh4 88. Bg2 Rc2 89. Kg1 Kg3 90. Bf1 Rc1 91. Kh1 Rxf1# 0-1

[Event "*** SCC Grand Prix: Titled Tuesday Blitz"]
[Site "Chess.com"]
[Date "2020.08.25"]
[Round "5"]
[White "dosto07"]
[Black "parintele_chess"]
[Result "1/2-1/2"]
[WhiteElo "2321"]
[BlackElo "2153"]
[TimeControl "180+1"]
[EndTime "10:59:56 PDT"]
[Termination "Game drawn by repetition"]

1. e4 e6 2. d4 d5 3. Nd2 c5 4.
exd5 Qxd5 5. Ngf3 cxd4 6. Bc4 Qd8 7. O-O Nf6 8. Nb3 Nc6 9. Nbxd4 Nxd4 10. Nxd4 Bc5 11.
c3 O-O 12. Bg5 h6 13. Bh4 Be7 14. Qe2 Nd5 15. Bxe7 Nxe7 16. Rad1 Qb6 17. Bb3 Nc6 18. Nxc6 Qxc6 19. Rfe1 b6 20. Qc4 Bb7 21. Qxc6 Bxc6 22. Rd6 Rac8 23. Red1 Ba8 24. f3 b5 25. a4 bxa4 26.
Bxa4 Rb8 27. R1d2 Bd5 28. Bc6 Bxc6 29. Rxc6 Rb3 30. Ra6 Rfb8 31. Rxa7 Rxb2 32. Rxb2 Rxb2 33. Ra8+ Kh7 34. h4 Rc2 35. Rc8 g5 36. h5 Kg7 37.
Rc7 Kf6 38. Kh2 Rc1 39. Kg3 Rc2 40. c4 Kg7 41. c5 Kg8 42. c6 f5 43. Rc8+ Kg7 44.
c7 e5 45. Re8 Rxc7 46. Rxe5 Kf6 47. Ra5 Rc2 48. Ra6+ Kg7 49. Rg6+ Kh7 50. Kh3 f4 51. Ra6 Kg7 52. Ra7+ Kf6 53. Rh7 Rc1 54. Rxh6+ Kf5 55. Kh2 g4 56. fxg4+ Kxg4 57. Rh8 Rc5 58. h6 Kg5 59. h7 Kg6 60. Rf8 Kxh7 61. Rxf4 Rc3 62. g3 Kg6 63. Kh3 Kg5 64. Ra4 Rd3 65. Ra5+ Kg6 66.
Kh4 Rd4+ 67. g4 Rd6 68. Ra8 Kg7 69. Re8 Rd7 70. Re6 Rd4 71. Kh5 Rd5+ 72. g5 Rd7 73. Ra6 Kg8 74. Rf6 Rd8 75. Kh6 Rb8 76.
Kg6 Rd8 77. Re6 Rc8 78. Kf6 Rf8+ 79. Kg6 Rb8 80. Re7 Rd8 81. Rg7+ Kh8 82. Rh7+ Kg8 83. Kh6 Rb8 84. Ra7 Rc8 85. g6 Rd8 86. Rg7+ Kh8 87. Rf7 Kg8 88. Rg7+ Kh8 89. Re7 Kg8 90. Rg7+ 1/2-1/2

[Event "*** SCC Grand Prix: Titled Tuesday Blitz"]
[Site "Chess.com"]
[Date "2020.08.25"]
[Round "5"]
[White "Oleksandr_Bortnyk"]
[Black "Kira170"]
[Result "1-0"]
[WhiteElo "2931"]
[BlackElo "2644"]
[TimeControl "180+1"]
[EndTime "11:00:31 PDT"]
[Termination "Oleksandr_Bortnyk won on time"]

1. d4 e6 2. Nc3 Nf6 3. e4 d5 4.
Bg5 Bb4 5. e5 h6 6. Bc1 Bxc3+ 7.
bxc3 Ne4 8. Qg4 g6 9. Ne2 h5 10.
Qf4 g5 11. Qe3 g4 12. h4 c5 13. f3 cxd4 14. cxd4 Qa5+ 15. c3 gxf3 16. gxf3 Nd7 17. fxe4 dxe4 18. Bg2 Rg8 19. Bxe4 Nb6 20. Rg1 Rf8 21.
a4 Bd7 22. Ba3 Nc4 23. Bxf8 Nxe3 24. Rg8 O-O-O 25. Rb1 Bc6 26. Bxc6 bxc6 27. Kf2 Ng4+ 28. Ke1 Qxa4 29. Rxg4 hxg4 30. Bd6 Rxd6 31. exd6 Qc2 32.
Rc1 Qd3 33. Ra1 Qe3 34. Rxa7 g3 35. Rxf7 Kd8 36. Rg7 Qf2+ 37. Kd2 g2 38. h5 Qh4 39. Rxg2 Qxh5 40. Rg3 Kd7 41. Re3 Kxd6 42. Rxe6+ Kd7 43. Re5 Qh6+ 44. Kd3 Qh1 45. Ke3 Qb1 46. Rg5 Qb2 47.
Rg7+ Kd6 48. Rg6+ Kc7 49. Rf6 Qa2 50. Rg6 Qa1 51. Rg7+ Kb6 52. Rg5 Qa2 53. Rc5 Qe6+ 54. Kd2 Qh6+ 55. Kd3 Qh3+ 56. Kd2 Qe6 57. Nf4 Qh6 58. Ke3 Kb7 59. Ke4 Qh7+ 60. Kf3 Qf7 61. Ke3 Qe7+ 62. Kd2 Qh7 63. Nd3 Qh2+ 64. Kd1 Qh6 65.
Ne5 Qh1+ 66. Kc2 Qg2+ 67. Kb3 Qg8+ 68. Ka3 Qa8+ 69. Kb2 Qa6 70. Nxc6 Qe2+ 71. Kb3 Kb6 72. Nb4 Qd1+ 73. Kb2 Qe2+ 74. Nc2 Qd2 75. Re5 Qh2 76. Kb3 Kc6 77. Ne3 Qh1 78. Rc5+ Kb7 79. Nc4 Qb1+ 80. Nb2 Qe1 81. Kb4 Qb1 82. Ka3 Qe1 83. Na4 Qa1+ 84.
Kb4 Qa2 85. Rb5+ Kc7 86. Rc5+ Kb7 87. Ka5 Qa1 88. Rb5+ Kc7 89. d5 Kd6 90. c4 Qe1+ 91. Kb6 Qf1 92. Rc5 Qb1+ 93. Rb5 Qf1 94. Rb4 Qe2 95.
Nc5 Qf2 96. Rb5 Qd4 97. Ra5 Qxc4 98. Nb7+ Kd7 99. d6 Qb4+ 100. Rb5 Qd4+ 101. Ka6 Qa1+ 102.
Ra5 Qf1+ 103. Ka7 Qf2+ 104. Ka6 Qf1+ 105. Rb5 Qf2 106. Nc5+ Kxd6 107. Ne4+ Ke6 108. Nxf2 1-0

[Event "*** SCC Grand Prix: Titled Tuesday Blitz"]
[Site "Chess.com"]
[Date "2020.08.25"]
[Round "5"]
[White "MikeSailer"]
[Black "stepanosinovsky"]
[Result "0-1"]
[WhiteElo "2170"]
[BlackElo "2366"]
[TimeControl "180+1"]
[EndTime "11:00:53 PDT"]
[Termination "stepanosinovsky won by resignation"]

1. d4 Nf6 2. Bf4 d6 3. e3 Nbd7 4. Nf3 g6 5. Be2 Bg7 6. O-O O-O 7. h3 c5 8. c4 cxd4 9. exd4 Ne4 10. Nc3 Nxc3 11.
bxc3 e5 12. Bh2 Re8 13. Re1 b6 14. a4 Bb7 15. a5 bxa5 16. Qa4 Rc8 17. Qxa5 Qxa5 18.
Rxa5 Bxf3 19. Bxf3 exd4 20. Rd1 dxc3 21. Bxd6 c2 22. Rc1 Rxc4 23. Rxa7 Bh6 24. Rxc2 Rxc2 25. Rxd7 Rd2 26. Re7 Rxe7 27. Bxe7 Bf8 28. Bxf8 Kxf8 29. g3 Rb2 30. Kg2 Ke7 31. Be4 f5 32. Bd5 Kf6 33.
Bc6 h5 34. h4 Ke5 35. Bf3 Kd4 36. Bc6 Rb6 37. Be8 Re6 38. Bf7 Rf6 39. Be8 Kd3 40.
Kf3 Re6 41. Bf7 Rf6 42. Be8 f4 43. gxf4 Kd4 44. Bd7 Kd5 45. Bc8 Kd6 46. Bb7 Ke7 47. Be4 Rb6 48. f5 gxf5 49. Bxf5 Kf6 50. Be4 Rb4 51.
Kf4 Ra4 52. f3 Rb4 53. Kg3 Rb2 54. Kh3 Ke5 55. Kg3 Rb6 56. Ba8 Rb8 57. Be4 Rg8+ 58. Kh3 Kf4 59. Bd5 Rg7 60. Bc6 Ke3 61. Be4 Kf2 62. Bd5 Rg3+ 63. Kh2 Rg7 64. Kh3 Rd7 65. Be4 Rd1 66. Kh2 Rd2 67. Kh3 Rb2 68. Kh2 Rb4 69.
Kh3 Rb6 70. Kh2 Ke3 71. Kg3 Rb8 72. Kh3 Rg8 73. Kh2 Rg7 74. Kh3 Kf4 75. Kh2 Rg3 76. Bd5 Rg7 77. Be4 Re7 78. Bd5 Rd7 79. Be4 Rd2+ 80.
Kh3 Rd1 81. Kh2 Re1 82. Kg2 Re2+ 83. Kh3 Re3 84. Bd5 Re5 85. Be4 Rc5 86. Bb7 Rb5 87. Be4 Rb4 88. Kh2 Rc4 89. Kh3 Rc3 90. Kh2 Rc1 91.
Kh3 Re1 92. Kh2 Rf1 93. Kh3 Rh1+ 94. Kg2 Rxh4 95. Kf2 Kg5 96. Ke3 Rf4 97. Bd5 Rf6 98. Be4 Rf8 99. Kf2 Kf4 100. Kg2 Kg5 101. Kh3 Rg8 102. Kh2 Rg7 103. Kh3 Re7 104. Kh2 Kh4 105. Kg2 Rb7 106. f4 Ra7 107. f5 Kg5 108. Kh3 Ra3+ 109. Kg2 Re3 110. Bc2 Re2+ 0-1

[Event "*** SCC Grand Prix: Titled Tuesday Blitz"]
[Site "Chess.com"]
[Date "2020.08.25"]
[Round "6"]
[White "rugbyclub"]
[Black "KyrgyzFighter"]
[Result "0-1"]
[WhiteElo "2167"]
[BlackElo "2304"]
[TimeControl "180+1"]
[EndTime "11:03:02 PDT"]
[Termination "KyrgyzFighter won by resignation"]

1. c4 f5 2. g3 Nf6 3. Bg2 g6 4. d3 Bg7 5. Nc3 O-O 6. e4 d6 7. f4 Nc6 8. Nf3 e5 9. O-O a6 10. h3 Nh5 11. Kh2 exf4 12. gxf4 fxe4 13. dxe4 Nxf4 14.
Ng1 Nxg2 15. Kxg2 Rxf1 16. Qxf1 Be6 17. Nd5 Qh4 18. Qf4 Qe1 19. Be3 Qxa1 0-1

[Event "*** SCC Grand Prix: Titled Tuesday Blitz"]
[Site "Chess.com"]
[Date "2020.08.25"]
[Round "6"]
[White "ChessyInstinct"]
[Black "Schachmalanders"]
[Result "1-0"]
[WhiteElo "2490"]
[BlackElo "2340"]
[TimeControl "180+1"]
[EndTime "11:03:15 PDT"]
[Termination "ChessyInstinct won by resignation"]

1. d4 d5 2. c4 e6 3. Nf3 c6 4. Nc3 dxc4 5. g3 b5 6. Bg2 Bb7 7. O-O a6 8. b3 b4 9. Ne4 c3 10. a3 a5 11. Ne5 Nf6 12. axb4 axb4 13. Rxa8 Bxa8 14. Be3 Nd5 15. Qa1 Bb7 16. Qa7 Qb6 17. Qxb8+ 1-0

[Event "*** SCC Grand Prix: Titled Tuesday Blitz"]
[Site "Chess.com"]
[Date "2020.08.25"]
[Round "6"]
[White "Msb2"]
[Black "Witik"]
[Result "1-0"]
[WhiteElo "2830"]
[BlackElo "2657"]
[TimeControl "180+1"]
[EndTime "11:03:38 PDT"]
[Termination "Msb2 won by resignation"]

1. d4 Nf6 2. c4 d6 3. Nf3 Nbd7 4.
Nc3 e5 5. Bg5 Be7 6. e3 c6 7.
Be2 g6 8. O-O Nh5 9. Bh6 Bf8 10.
Bxf8 Kxf8 11. dxe5 dxe5 12. Nxe5 Nhf6 13. Qd4 Nxe5 14. Qxd8+ 1-0

[Event "*** SCC Grand Prix: Titled Tuesday Blitz"]
[Site "Chess.com"]
[Date "2020.08.25"]
[Round "6"]
[White "dpopadic"]
[Black "jamalm2"]
[Result "1-0"]
[WhiteElo "2362"]
[BlackElo "1940"]
[TimeControl "180+1"]
[EndTime "11:03:50 PDT"]
[Termination "dpopadic won by checkmate"]

1. e4 c6 2. d4 d5 3. Nd2 dxe4 4. Nxe4 Bf5 5. Ng3 Bg6 6. h4 h6 7. Nf3 e6 8. Ne5 Bh7 9. Bc4 Nf6 10. Qe2 Nbd7 11.
Nxf7 Bb4+ 12. c3 Kxf7 13. Qxe6+ Kf8 14. Qf7# 1-0

[Event "*** SCC Grand Prix: Titled Tuesday Blitz"]
[Site "Chess.com"]
[Date "2020.08.25"]
[Round "6"]
[White "Crazy_girl99"]
[Black "romulocardoso"]
[Result "1-0"]
[WhiteElo "2516"]
[BlackElo "2036"]
[TimeControl "180+1"]
[EndTime "11:04:03 PDT"]
[Termination "Crazy_girl99 won by checkmate"]

1. e4 c5 2. Nf3 d6 3. d4 cxd4 4. Nxd4 Nf6 5. Nc3 g6 6. f3 Bg7 7. Be3 O-O 8. Bc4 Nc6 9. Qd2 Bd7 10. O-O-O Rc8 11. Be2 Ne5 12. h4 h5 13. Kb1 Nc4 14. Bxc4 Rxc4 15. Nce2 b5 16. Bh6 b4 17. Bxg7 Kxg7 18. b3 Rc8 19. Qxb4 Rb8 20. Qd2 a5 21. g4 a4 22. gxh5 Nxh5 23. Rhg1 axb3 24. cxb3 e5 25.
Nf5+ Bxf5 26. exf5 Qxh4 27. fxg6 fxg6 28. Qxd6 Qb4 29.
Qxg6+ Kh8 30. Qxh5# 1-0

[Event "*** SCC Grand Prix: Titled Tuesday Blitz"]
[Site "Chess.com"]
[Date "2020.08.25"]
[Round "6"]
[White "colegiodemadrid"]
[Black "OparinGrigoriy"]
[Result "0-1"]
[WhiteElo "2433"]
[BlackElo "2967"]
[TimeControl "180+1"]
[EndTime "11:04:06 PDT"]
[Termination "OparinGrigoriy won by resignation"]

1. e4 c6 2. d4 d5 3. e5 c5 4. dxc5 e6 5. a3 Bxc5 6. b4 Bb6 7. Bb2 Ne7 8. Nf3 Ng6 9. h4 f6 10.
h5 Nxe5 11. Nxe5 fxe5 12. Bxe5 O-O 13. f3 Nc6 14. Bb2 e5 15. h6 g6 16. c4 Nd4 17. cxd5 Bf5 18. Bd3 Rc8 19. Nc3 Qg5 20.
Bxf5 Qe3+ 21. Kf1 Nxf5 22. Qe1 Rxc3 23. Bxc3 Qd3+ 24. Qe2 Ng3+ 0-1

[Event "*** SCC Grand Prix: Titled Tuesday Blitz"]
[Site "Chess.com"]
[Date "2020.08.25"]
[Round "6"]
[White "profofchess"]
[Black "DarZay"]
[Result "1-0"]
[WhiteElo "2426"]
[BlackElo "2170"]
[TimeControl "180+1"]
[EndTime "11:04:10 PDT"]
[Termination "profofchess won by checkmate"]

1. e4 e5 2. Nf3 Nc6 3. Nc3 Bc5 4. Nxe5 Bxf2+ 5. Kxf2 Nxe5 6. d4 Ng6 7. Be3 d6 8.
Be2 Nf6 9. Rf1 O-O 10. Kg1 Qe7 11. Bg5 h6 12. Bxf6 gxf6 13. Nd5 Qd8 14. Nxf6+ Kg7 15.
Qd2 Nh4 16. a4 c5 17. d5 Bd7 18. Ra3 Kh8 19. Qxh6# 1-0

[Event "*** SCC Grand Prix: Titled Tuesday Blitz"]
[Site "Chess.com"]
[Date "2020.08.25"]
[Round "6"]
[White "GMKrikor"]
[Black "serhanberat_ozdemir"]
[Result "1-0"]
[WhiteElo "2709"]
[BlackElo "2492"]
[TimeControl "180+1"]
[EndTime "11:04:23 PDT"]
[Termination "GMKrikor won by resignation"]

1. e4 c5 2. Nf3 e6 3. d4 cxd4 4. Nxd4 a6 5. Bd3 Bc5 6. Nb3 Ba7 7. O-O Nc6 8. Qe2 Qc7 9. Be3 Nf6 10.
Bxa7 Rxa7 11. c4 Ne5 12. Nc3 d6 13. Rac1 O-O 14. Bb1 Qxc4 15. Qe3 Qb4 16. Qxa7 b6 17. Rfd1 Ne8 18. Rd4 Nc6 19. Rxb4 Nxa7 20. Rxb6 1-0

[Event "*** SCC Grand Prix: Titled Tuesday Blitz"]
[Site "Chess.com"]
[Date "2020.08.25"]
[Round "6"]
[White "korkmaz16"]
[Black "maximnovik"]
[Result "0-1"]
[WhiteElo "2305"]
[BlackElo "2474"]
[TimeControl "180+1"]
[EndTime "11:04:26 PDT"]
[Termination "maximnovik won by resignation"]

1. e4 c6 2. d4 d5 3. e5 Bf5 4. h4 h6 5. g4 Bd7 6. h5 c5 7. c3 Nc6 8. f4 cxd4 9. cxd4 Qb6 10. Nf3 Bxg4 11. Be2 e6 12. Nc3 Bxf3 13. Bxf3 Nxd4 14. Qa4+ Nc6 15. Ke2 Ne7 16. Rb1 Nf5 17. Rh3 Bb4 18. Nb5 Qxb5+ 0-1

[Event "*** SCC Grand Prix: Titled Tuesday Blitz"]
[Site "Chess.com"]
[Date "2020.08.25"]
[Round "6"]
[White "Salem-AR"]
[Black "AlexeiShirov"]
[Result "0-1"]
[WhiteElo "2895"]
[BlackElo "2728"]
[TimeControl "180+1"]
[EndTime "11:04:29 PDT"]
[Termination "AlexeiShirov won by resignation"]

1. e4 e5 2. Nf3 Nc6 3. Bc4 Nf6 4. d3 h6 5. O-O d6 6. c3 g5 7. Re1 Bg7 8. Nbd2 g4 9. Nh4 Nxe4 10. dxe4 Qxh4 11.
Nf1 f5 12. exf5 Bxf5 13. Ne3 Bd7 14. Nd5 O-O-O 15. Be3 g3 0-1

[Event "*** SCC Grand Prix: Titled Tuesday Blitz"]
[Site "Chess.com"]
[Date "2020.08.25"]
[Round "6"]
[White "RusPakhom"]
[Black "FearNoEvil12"]
[Result "1-0"]
[WhiteElo "2280"]
[BlackElo "1970"]
[TimeControl "180+1"]
[EndTime "11:04:36 PDT"]
[Termination "RusPakhom won by resignation"]

1. e4 a6 2. c4 b6 3. d4 Bb7 4. Nc3 e6 5. Nf3 c5 6. Be3 d6 7. Be2 Nd7 8. Qd2 g6 9. O-O Ne7 10. Rfd1 Qc7 11. Rac1 Bg7 12. b4 cxb4 13. Na4 O-O 14.
Qxb4 Bxe4 15. c5 dxc5 16. dxc5 bxc5 17. Nxc5 Nxc5 18. Bxc5 Bxf3 19. Bxe7 Bxe2 20. Rxc7 Bxd1 21. Bxf8 Bxf8 22. Qb7 Re8 23. Rxf7 Be2 24. Rxh7 1-0

[Event "*** SCC Grand Prix: Titled Tuesday Blitz"]
[Site "Chess.com"]
[Date "2020.08.25"]
[Round "6"]
[White "Keithonsky"]
[Black "Playgood28"]
[Result "1/2-1/2"]
[WhiteElo "2544"]
[BlackElo "2352"]
[TimeControl "180+1"]
[EndTime "11:04:45 PDT"]
[Termination "Game drawn by agreement"]

1. d4 f5 2. c4 Nf6 3. g3 g6 4. Bg2 Bg7 5. Nc3 d6 6. Nh3 O-O 7. d5 c6 8. O-O e5 9. dxe6 Bxe6 10. Qa4 Na6 11. Ng5 Qe7 12. Nxe6 Qxe6 13. Rd1 Nc5 14. Qc2 Qxc4 15. Rxd6 Nfe4 16. Bxe4 Nxe4 17. Rd3 Rfd8 18. Be3 Nxc3 19. bxc3 Rxd3 20. exd3 Qd5 21. d4 b5 22. a4 a6 23. axb5 cxb5 24.
Ra5 1/2-1/2

[Event "*** SCC Grand Prix: Titled Tuesday Blitz"]
[Site "Chess.com"]
[Date "2020.08.25"]
[Round "6"]
[White "chessdjw"]
[Black "Slovak_fighter2000"]
[Result "1-0"]
[WhiteElo "2592"]
[BlackElo "2429"]
[TimeControl "180+1"]
[EndTime "11:04:51 PDT"]
[Termination "chessdjw won by resignation"]

1. d4 Nf6 2. c4 g6 3. Nc3 Bg7 4. e4 d6 5. Be2 O-O 6. Be3 e5 7. d5 a5 8. g4 Na6 9. g5 Nd7 10. h4 f5 11. gxf6 Qxf6 12. Qd2 Ndc5 13.
O-O-O Bd7 14. Nh3 a4 15. h5 Bxh3 16. Rxh3 Nb4 17. Kb1 Kf7 18. hxg6+ hxg6 19. Rf3 1-0

[Event "*** SCC Grand Prix: Titled Tuesday Blitz"]
[Site "Chess.com"]
[Date "2020.08.25"]
[Round "6"]
[White "Nara_Kh"]
[Black "EnergeticHay"]
[Result "1-0"]
[WhiteElo "2314"]
[BlackElo "2187"]
[TimeControl "180+1"]
[EndTime "11:04:52 PDT"]
[Termination "Nara_Kh won by resignation"]

1. e4 c5 2. Nf3 d6 3. d4 cxd4 4.
Nxd4 Nf6 5. Nc3 a6 6. h3 e5 7. Nde2 h5 8. Bg5 Be6 9. Bxf6 Qxf6 10. Qd3 g6 11. O-O-O Nc6 12. Nd5 Qd8 13. h4 Bh6+ 14. Kb1 O-O 15. g3 Bg7 16. Bh3 Nd4 17. Nxd4 exd4 18. f4 Bxd5 19. exd5 f5 20. Rhe1 Re8 21. Re6 Qd7 22. Rde1 Kh7 23. Bxf5 gxf5 24. Qxf5+ Kg8 25. Qxh5 Rxe6 26. Rxe6 Re8 27. Rxe8+ 1-0

[Event "*** SCC Grand Prix: Titled Tuesday Blitz"]
[Site "Chess.com"]
[Date "2020.08.25"]
[Round "6"]
[White "eCztery"]
[Black "nitpicker"]
[Result "0-1"]
[WhiteElo "2402"]
[BlackElo "2235"]
[TimeControl "180+1"]
[EndTime "11:05:08 PDT"]
[Termination "nitpicker won by resignation"]

1. e4 d5 2. exd5 Qxd5 3. Nf3 Nf6 4. Be2 c6 5. O-O Bf5 6. c4 Qd8 7. d4 e6 8. Nc3 h6 9. Re1 Be7 10. Ne5 Nbd7 11. Bf3 Nxe5 12. dxe5 Qxd1 13. Rxd1 Nd7 14. Bf4 O-O-O 15. Rac1 Bg5 16. Bxg5 hxg5 17. Re1 Nc5 18. b4 Nd3 19. Red1 Nxc1 20. Rxc1 Rd4 21. Ne2 Rd2 22. a4 g4 0-1

[Event "*** SCC Grand Prix: Titled Tuesday Blitz"]
[Site "Chess.com"]
[Date "2020.08.25"]
[Round "6"]
[White "AldokhinIvan"]
[Black "Cambek64"]
[Result "1-0"]
[WhiteElo "2542"]
[BlackElo "2342"]
[TimeControl "180+1"]
[EndTime "11:05:12 PDT"]
[Termination "AldokhinIvan won on time"]

1. d4 d6 2. e4 e5 3. Ne2 Nc6 4. Nbc3 g6 5. Be3 Bg7 6. h3 Nf6 7. g4 O-O 8. Bg2 Re8 9. Qd2 exd4 10. Nxd4 Nxd4 11. Bxd4 Be6 12. O-O-O 1-0

[Event "*** SCC Grand Prix: Titled Tuesday Blitz"]
[Site "Chess.com"]
[Date "2020.08.25"]
[Round "6"]
[White "politeplayer"]
[Black "InitiatingASC"]
[Result "1-0"]
[WhiteElo "2213"]
[BlackElo "2319"]
[TimeControl "180+1"]
[EndTime "11:05:14 PDT"]
[Termination "politeplayer won by resignation"]

1. e4 c5 2. d4 cxd4 3. c3 Nc6 4. cxd4 d5 5. exd5 Qxd5 6. Nf3 Bg4 7. Nc3 Qa5 8. Bd2 e6 9. Nb5 Qb6 10. a4 Nf6 11. a5 Qd8 12. a6 b6 13. h3 Bh5 14.
Rc1 Rc8 15. Qa4 Qd7 16. Ne5 Qd5 17. Nxc6 Rxc6 18. Nc7+ 1-0

[Event "*** SCC Grand Prix: Titled Tuesday Blitz"]
[Site "Chess.com"]
[Date "2020.08.25"]
[Round "6"]
[White "Bulldog167"]
[Black "Kavyev_Ruslan"]
[Result "1-0"]
[WhiteElo "2684"]
[BlackElo "2487"]
[TimeControl "180+1"]
[EndTime "11:05:16 PDT"]
[Termination "Bulldog167 won by resignation"]

1. c4 c5 2. Nf3 Nf6 3. b3 g6 4. Bb2 Bg7 5. g3 b6 6. Bg2 Bb7 7. O-O O-O 8. Nc3 Nc6 9. d4 Nxd4 10. Nxd4 Bxg2 11. Kxg2 cxd4 12. Qxd4 d6 13. Rfd1 Qc7 14. f3 Rfd8 15. e4 Rac8 16. Rd2 Qb7 17. Rad1 h5 18. h4 Kh7 19. Nd5 Rd7 20. a4 Qc6 21. Qe3 Qc5 22. Qxc5 bxc5 23. Nxf6+ Bxf6 24. Bxf6 exf6 25. Rxd6 Rb7 26. R1d3 Rcb8 27. Rxf6 Kg7 28. Rc6 Rxb3 29. Rxb3 Rxb3 30. Rxc5 Rc3 31. a5 Rc2+ 32. Kf1 Kf6 33. Rc7 Ke6 34. a6 f6 35. Rxa7 Rxc4 36. Rg7 Ra4 37. Rxg6 Rxa6 38. Rh6 Ra5 39. f4 Ra3 40. Kg2 1-0

[Event "*** SCC Grand Prix: Titled Tuesday Blitz"]
[Site "Chess.com"]
[Date "2020.08.25"]
[Round "6"]
[White "carlsen1001"]
[Black "LaPorfia"]
[Result "1-0"]
[WhiteElo "2400"]
[BlackElo "2224"]
[TimeControl "180+1"]
[EndTime "11:05:19 PDT"]
[Termination "carlsen1001 won by resignation"]

1. e4 d5 2. exd5 Nf6 3. Nf3 Bg4 4. Bb5+ Nbd7 5. O-O Nxd5 6. Nc3 c6 7. Nxd5 cxd5 8. d4 a6 9. Be2 e6 10. Bf4 Be7 11.
h3 Bh5 12. c3 O-O 13. a4 Rc8 14. Qb3 Qb6 15. Qxb6 Nxb6 16. g4 Bg6 17. Ne5 Bf6 18.
a5 Bxe5 19. Bxe5 Nc4 20. Ra2 f6 21. Bg3 Rfe8 22. b3 Nxa5 23. Rxa5 Rxc3 24. b4 Bd3 25. Bxd3 Rxd3 26. b5 Rxd4 27. bxa6 bxa6 28. Rxa6 e5 29.
Re1 g5 30. Rxf6 1-0

[Event "*** SCC Grand Prix: Titled Tuesday Blitz"]
[Site "Chess.com"]
[Date "2020.08.25"]
[Round "6"]
[White "parintele_chess"]
[Black "Chess_Dog06"]
[Result "0-1"]
[WhiteElo "2148"]
[BlackElo "2298"]
[TimeControl "180+1"]
[EndTime "11:05:29 PDT"]
[Termination "Chess_Dog06 won by resignation"]

1. d4 Nf6 2. c4 e6 3. Nc3 Bb4 4. e3 O-O 5. Ne2 Re8 6. a3 Bf8 7. Ng3 d5 8. Bd3 a6 9. O-O dxc4 10.
Bxc4 b5 11. Be2 Bb7 12. Bf3 Qc8 13. e4 Nbd7 14. e5 Nd5 15. Nxd5 Bxd5 16. Bxd5 exd5 17. Qf3 Nb6 18. Nf5 Qe6 19. Qg4 Qg6 20. Qxg6 hxg6 21. Ne3 c5 22. dxc5 Bxc5 23. f4 Nc4 24. Kf2 f6 25.
Kf3 fxe5 26. Nxc4 dxc4 27. fxe5 Rxe5 28. Bf4 Rf8 29. Kg3 Ref5 30. Kg4 g5 31. g3 gxf4 32.
gxf4 Bd6 33. Rf3 Rxf4+ 34. Rxf4 Rxf4+ 35. Kg5 Rd4 36. Re1 Rd2 37. Re6 Bf8 38. Rxa6 Rxb2 39. Rb6 c3 40. a4 bxa4 0-1